 Dungeon Crawl Stone Soup version 0.30-a0-949-g53dc5368d7 (webtiles) character file.

Game seed: 2344432770588351041

14152 Querens the Blocker (level 12, -8/99 HPs)
             Began as a Formicid Fighter on Mar 27, 2023.
             Was a Priest of Okawaru.
             Mangled by an orc knight
             ... wielding a +0 trident
              (10 damage)
             ... in a bailey.
             The game lasted 00:19:27 (5323 turns).

Querens the Blocker (Formicid Fighter)              Turns: 5323, Time: 00:19:28

Health: -8/99      AC: 23    Str: 27    XL:     12   Next: 41%
Magic:  14/18      EV: 10    Int:  7    God:    Okawaru [***...]
Gold:   321        SH:  8    Dex: 13    Spells: 11/11 levels left

rFire   . . .      SeeInvis +    a - +0 war axe
rCold   . . .      Faith    .    c - +0 buckler
rNeg    . . .      Spirit   .    f - +0 plate armour
rPois   +          Reflect  .    (helmet unavailable)
rElec   .          Rampage  .    y - +1 cloak
rCorr   .                        v - +0 pair of gloves
Will    +....                    B - +0 pair of boots Stlth
                                 (no amulet)
HPRegen 0.36/turn                m - ring of poison resistance
MPRegen 0.16/turn                (no ring)

@: heroic, very slow
A: permanent stasis, dig shafts and tunnels, antennae 3, four strong arms
a: Dig, Renounce Religion, Heroism


You were in a bailey.
You worshipped Okawaru.
Okawaru was most pleased with you.
You visited 2 branches of the dungeon, and saw 9 of its levels.
You also visited: Bailey.

You collected 321 gold pieces.

Inventory:

Hand Weapons
 a - a +0 war axe (weapon)
 e - a +0 arbalest
Armour
 c - a +0 buckler (worn)
 f - a +0 plate armour (worn)
 u - a +3 leather armour of cold resistance
 v - a +0 pair of gloves (worn)
 y - a +1 cloak (worn)
 A - the +4 ring mail of Precision Catastrophes {rElec Str+4}
   (You found it on level 5 of the Dungeon)

   Str:       It affects your strength (+4).
   rElec:     It insulates you from electricity.
 B - a +0 pair of boots (worn)
Jewellery
 b - a +6 ring of intelligence
 m - a ring of poison resistance (left hand)
 E - a ring of magical power
Wands
 n - a wand of polymorph (11)
 t - a wand of flame (16)
Scrolls
 g - 2 scrolls of enchant armour
 o - a scroll of brand weapon {unknown}
 w - 2 scrolls of poison
 D - a scroll of summoning {unknown}
 F - a scroll of magic mapping
 H - a scroll of acquirement {unknown}
Potions
 d - a potion of might
 h - 2 potions of attraction {unknown}
 j - 3 potions of lignification
 p - 2 potions of mutation {unknown}
 q - a potion of degeneration {unknown}
 r - a potion of cancellation {unknown}
 z - a potion of resistance {unknown}
 C - a potion of magic {unknown}
 I - 3 potions of flight {unknown}
 J - a potion of berserk rage {unknown}


   Skills:
 + Level 10.6(15.6) Fighting
 + Level 9.5(14.5) Axes
 + Level 10.6(15.6) Armour
 + Level 12.6(17.6) Shields
 + Level 8.0 Invocations


You had 11 spell levels left.
You didn't know any spells.
Your spell library contained the following spells:

 Spells                   Type           Power      Damage    Failure   Level
 Magic Dart               Conj           0%         1d3       97%         1
 Searing Ray              Conj           0%         2d4       99%         2
 Inner Flame              Hex/Fire       0%         N/A       100%        3
 Mephitic Cloud           Conj/Pois/Air  0%         N/A       100%        3
 Cause Fear               Hex            0%         N/A       100%        4
 Fulminant Prism          Conj/Hex       0%         3d5       100%        4
 Discord                  Hex            0%         N/A       100%        8
 Call Imp                 Summ           Unusable   N/A       N/A         2

Dungeon Overview and Level Annotations

Branches:
Dungeon (8/15)             Temple (1/1) D:4          Bailey (1/1)
   Lair: D:8-11

Altars:
Ashenzari
Cheibriados
Dithmenos
Elyvilon
Fedhas
Gozag
Hepliaklqana
Kikubaaqudgha
Makhleb
Nemelex Xobeh
Okawaru
Qazlal
Ru
Sif Muna
Trog
Uskayaw
Vehumet
Wu Jian
Xom
Yredelemnul
Zin
The Shining One

Shops:
D:2 (   D:6 (

Annotations:
D:8 3 runed translucent doors


Innate Abilities, Weirdness & Mutations

You cannot be hasted, slowed, berserked, paralysed or teleported.
You can dig through walls and to a lower floor.
You have a pair of large antennae on your head. (SInv)
Your four strong arms can wield two-handed weapons with a shield.


Message History

The orc knight is poisoned.
You gain the combat prowess of a mighty hero.
The orc knight is engulfed in poison gas.
The orc knight looks even sicker.
The orc knight hits you from afar with a +0 trident!!
The orc knight is engulfed in poison gas.
The orc knight looks even sicker.
The orc warrior is engulfed in poison gas.
The orc warrior is poisoned.
The orc knight is engulfed in poison gas.
The orc knight looks even sicker.
The orc knight hits you with a +0 trident!
The orc warrior is engulfed in poison gas.
The orc warrior is poisoned.
The orc knight is engulfed in poison gas.
The orc knight looks even sicker.
The orc knight hits you but does no damage.
Unknown command.
Unknown command.
Unknown command.
You hit the orc knight but do no damage.
The orc knight is moderately wounded.
The orc knight is engulfed in poison gas.
The orc knight looks as sick as possible!
You block the orc knight's attack.
The orc knight is engulfed in poison gas.
The orc knight looks as sick as possible!
The orc knight hits you from afar with a +0 glaive!!!
* * * LOW HITPOINT WARNING * * *
Unknown command.
Unknown command.
The orc knight is engulfed in poison gas.
The orc knight looks as sick as possible!
You block the orc knight's attack.
The orc knight is engulfed in poison gas.
The orc knight looks as sick as possible!
The orc knight is engulfed in poison gas.
The orc knight looks as sick as possible!
The orc knight hits you from afar with a +0 trident!
You die...

....~~~)~~~~~##~~~~~~~##~~~~~~~
....~~~~~~~~##~~#'#'#~~##~~~~~~
....~~~~~~~~#~~##.#)##~~#~~~~~~
....~~~~~~~##~#########~##~~~~~
....~~~~~~~##~')#:.)#)'~##~~~~~
....~~~~~~~##~###.8.###~##~~~~~
....~~~~~~~##~')#..o#)'~##~~~~~
....~~~~~~~##~####{####~##~~~~~
....~~~~~~~~#~@##o.∩##~~##~~~~~
....~~~~~~~~##~~#o''##~~~~~~~~~
....~~~~~~~~~##○oo○§##~~~~~~~~)
....~≈≈~≈≈≈~~~##☼°§°##~~~~≈≈≈~≈
....≈≈#.##≈~~~~#######~~~~≈##.#
....≈##.∩#≈~~~~~~~~~~~~~~~≈#∩.#
...≈#...))~~~~~~~~~~~~~~~~....
..≈##.##≈~~~~~~~~~~~~~~~≈##.# #
#≈≈~~~~~~~~~~~~~~~≈≈###


You could see an orc knight (strong, extremely poisoned) and an orc warrior
(strong, very poisoned).

Vanquished Creatures
  A two-headed ogre (D:8)
  A steam dragon (D:8)
  A water moccasin (D:6)
  A swamp worm (D:7)
  An acid dragon (D:8)
  2 sky beasts
  7 orc warriors (Bailey)
  An ice beast (D:6)
  3 black bears
  2 ogres
  2 centaurs (D:7)
  A kobold brigand (D:8)
  3 scorpions (D:5)
  7 wights
  3 howler monkeys (D:8)
  3 orc priests (D:3)
  Crazy Yiuf (D:4)
  3 jellies
  A sleepcap (D:4)
  Ijyb (D:3)
  2 orc wizards (D:6)
  7 gnolls
  11 adders
  An ufetubus (D:7)
  23 orcs
  12 ball pythons
  7 bats
  7 endoplasms
  12 goblins
  5 hobgoblins
  3 quokkas
  2 frilled lizards
  12 kobolds
  6 rats
155 creatures vanquished.

Vanquished Creatures (others)
  2 fungi (D:4)
  6 plants
8 creatures vanquished.

Grand Total: 163 creatures vanquished

Notes
Turn   | Place    | Note
-------+----------+-------------------------------------------
     0 | D:1      | Querens the Formicid Fighter began the quest for the Orb.
     0 | D:1      | Reached XP level 1. HP: 18/18 MP: 1/1
   135 | D:1      | Found a faded altar of an unknown god.
   226 | D:1      | Reached XP level 2. HP: 24/24 MP: 2/2
   861 | D:2      | Reached XP level 3. HP: 29/29 MP: 3/3
  1014 | D:2      | Found Qiveiwk's Antique Weapon Shoppe.
  1051 | D:2      | Reached XP level 4. HP: 30/37 MP: 4/4
  1251 | D:3      | Noticed a black bear
  1274 | D:2      | Reached XP level 5. HP: 13/42 MP: 5/5
  1304 | D:3      | Noticed Ijyb
  1364 | D:3      | Reached skill level 5 in Shields
  1427 | D:3      | Killed Ijyb
  1494 | D:3      | Reached XP level 6. HP: 38/49 MP: 6/6
  1541 | D:3      | Killed a black bear
  1700 | D:4      | Reached XP level 7. HP: 42/55 MP: 7/7
  1735 | D:4      | Reached skill level 6 in Shields
  1768 | D:4      | Reached skill level 5 in Armour
  1881 | D:4      | Found a runed translucent door.
  1882 | D:4      | Noticed Crazy Yiuf
  1892 | D:4      | Killed Crazy Yiuf
  1893 | D:4      | Reached skill level 5 in Fighting
  1903 | D:4      | Identified the +5 hammer of Etecure {freeze, rN+ Int+2}
  2071 | D:4      | Found a hide-covered altar of Uskayaw.
  2204 | D:4      | Found a staircase to the Ecumenical Temple.
  2212 | Temple   | Entered the Ecumenical Temple
  2212 | Temple   | Found a transporter.
  2212 | Temple   | Found a transporter.
  2214 | Temple   | Found a transporter.
  2214 | Temple   | Found a transporter.
  2236 | Temple   | Became a worshipper of Warmaster Okawaru
  2365 | D:5      | Entered Level 5 of the Dungeon
  2367 | D:5      | Identified the +4 ring mail of Precision Catastrophes
                  | {rElec Str+4}
  2442 | D:5      | Reached XP level 8. HP: 37/63 MP: 8/8
  2642 | D:5      | Found a shimmering altar of Xom.
  2833 | D:5      | Reached skill level 7 in Shields
  2852 | D:5      | Reached * piety under Okawaru
  2938 | D:6      | Reached skill level 5 in Axes
  3116 | D:6      | Found a glowing golden altar of the Shining One.
  3211 | D:6      | Reached skill level 1 in Invocations
  3380 | D:6      | Found Jyudosuutz's Weapon Boutique.
  3619 | D:7      | Reached ** piety under Okawaru
  3620 | D:7      | Reached XP level 9. HP: 31/67 MP: 10/10
  3756 | D:7      | Found an ancient bone altar of Kikubaaqudgha.
  3756 | D:7      | Found a sparkling altar of Nemelex Xobeh.
  3757 | D:7      | Found a bloodstained altar of Trog.
  3758 | D:7      | Found a broken altar of Ashenzari.
  3759 | D:7      | Found a sacrificial altar of Ru.
  3760 | D:7      | Found a stormy altar of Qazlal.
  3761 | D:7      | Found a white marble altar of Elyvilon.
  3805 | D:7      | Found a glowing silver altar of Zin.
  3926 | D:7      | Reached skill level 8 in Shields
  4117 | D:8      | Noticed a two-headed ogre
  4264 | D:8      | Found a runed translucent gate.
  4265 | D:8      | Found a runed translucent gate.
  4265 | D:8      | Found a runed translucent gate.
  4320 | D:8      | Killed a two-headed ogre
  4320 | D:8      | Reached *** piety under Okawaru
  4321 | D:8      | Reached skill level 9 in Shields
  4321 | D:8      | Reached XP level 10. HP: 8/79 MP: 11/13
  4322 | D:8      | Found a flagged portal.
  4353 | D:8      | Reached skill level 5 in Invocations
  4364 | D:8      | HP: 3/74 [wight/+1 flail of protection (4)]
  4461 | Bailey   | Entered a bailey
  5312 | Bailey   | Reached skill level 11 in Shields
  5312 | Bailey   | Reached XP level 11. HP: 89/89 MP: 14/17
  5313 | Bailey   | Reached skill level 10 in Fighting
  5313 | Bailey   | Reached skill level 10 in Armour
  5313 | Bailey   | Reached skill level 12 in Shields
  5313 | Bailey   | Reached XP level 12. HP: 99/99 MP: 14/18
  5322 | Bailey   | HP: 1/99 [orc knight/+0 glaive (38)]
  5323 | Bailey   | Mangled by an orc knight

Illustrated notes

Levels and vault maps discovered:
D:1:      tarquinn_simple_flora_water_a, layout_basic,
          shapermc_ecumenical_altar_ellora
D:2:      layout_rooms, serial_shops, nicolae_shop_hallway_stairs
D:3:      layout_rooms, uniq_ijyb
D:4:      layout_loops_ring, mainiacjoe_overflow_concentric_impassable,
          minmay_temple_entry_butterflies, minmay_misc_feat_doors,
          uniq_crazy_yiuf_cottage
D:5:      layout_cave_pods, xom_teletrap_fun
D:6:      layout_cave_pods, tso_metal_star, serial_shops, shop,
          chequers_mini_garden
D:7:      layout_basic, minitemple, mainiacjoe_overflow_catwalk, worms_lemuel
D:8:      layout_basic, enter_bailey_5, gammafunk_ghost_cemetery, st_stairs_9
Temple:   hellmonk_temple_divided_pantheon
Bailey:   bailey_polearm_2, bailey

Skill      XL: |  1  2  3  4  5  6  7  8  9 10 11 |
---------------+----------------------------------+-----
Fighting       | 4 5 6 7 9 10 | 10.6
Armour         | 4 5 6 7 9 10 | 10.6
Axes           | 3 4 5 6 8 9 |  9.5
Shields        | 5 6 7 9 11 12 | 12.6
Invocations    | 2 4 8 |  8.0

Action                     |  1- 3 |  4- 6 |  7- 9 | 10-12 || total
---------------------------+-------+-------+-------+-------++-------
  Melee: War axe           |    82 |   118 |   251 |    88 ||   539
   Fire: Arbalest          |       |       |       |    26 ||    26
 Invoke: Heroism           |       |       |     1 |     2 ||     3
  Evoke: Wand              |       |       |       |     5 ||     5
    Use: Potion            |       |     1 |     2 |     5 ||     8
         Scroll            |       |       |    10 |     1 ||    11
 Armour: Chain mail        |    44 |   104 |    40 |       ||   188
         Ring mail         |       |       |   128 |    45 ||   173
         Plate armour      |       |       |       |     7 ||     7
  Dodge: Dodged            |    39 |    49 |   145 |    44 ||   277
  Block: Buckler           |    21 |    34 |    94 |    51 ||   200

Table legend: (Time is in decaauts)
 A = Elapsed time spent in this place.
 B = Non-inter-level travel time spent in this place.
 C = Inter-level travel time spent in this place.
 D = Time resting spent in this place.
 E = Time spent auto-exploring this place.
 F = Levels seen in this place.
 G = Mean time per level.
                   A        B        C        D        E       F      G
               +--------+--------+--------+--------+--------+-----+--------+
         Total |   5572 |   5088 |    484 |    573 |      0 |  10 |  557.2 |
       Dungeon |   4579 |   4108 |    471 |      4 |      0 |   8 |  572.4 |
        Temple |     39 |     26 |     13 |      0 |      0 |   1 |   39.0 |
        Bailey |    953 |    953 |      0 |    569 |      0 |   1 |  953.0 |
               +--------+--------+--------+--------+--------+-----+--------+

Top non-repeatable levels by time:
  Bailey: 953 daAuts
     D:1: 860 daAuts
     D:7: 703 daAuts
     D:4: 653 daAuts
     D:6: 582 daAuts
     D:5: 581 daAuts
     D:2: 504 daAuts
     D:3: 399 daAuts
     D:8: 293 daAuts
  Temple: 39 daAuts
